Map: Backwater LE

Players

axu

  • Race: Protoss Protoss
  • League: Platinum
  • Spawn Location: 11:00

Epicity - Winner!

  • Race: Terran Terran
  • Spawn Location: 5:00

VOD

Have the link to the VOD?

Description

Time

  • Played on: April 1, 2018, 11:06 a.m.
  • Length: 10:48
Show
View Real Time Build Order
Export as new Build Order

axu Protoss 

Build Orders: 1 Gate Expand 

Get SALT Encoding   

  12  0:01  Probe  
  13  0:14  Probe  
  14  0:18  Pylon  
  14  0:27  Probe  
  15  0:39  Gateway, Probe  
  16  0:51  Probe  
  17  1:00  Assimilator  
  17  1:04  Probe (Chrono Boost)  
  18  1:13  Probe (Chrono Boost)  
  18  1:18  Probe (Chrono Boost)  
  20  1:29  Nexus  
  20  1:37  Cybernetics Core  
  20  1:40  Probe  
  21  1:50  Assimilator  
  21  2:00  Probe  
  22  2:10  Pylon  
  22  2:12  Probe  
  22  2:15  Warp Gate (Chrono Boost)  
  22  2:24  Probe  
  22  2:28  Adept (Chrono Boost)  
  25  2:36  Probe  
  26  2:44  Probe  
  26  2:45  Pylon  
  26  2:48  Probe  
  27  2:56  Probe  
  28  3:01  Stalker, Probe  
  31  3:07  Twilight Council  
  31  3:08  Probe  
  32  3:13  Probe  
  33  3:21  Probe  
  33  3:25  Probe  
  35  3:27  Gateway  
  35  3:30  Gateway  
  35  3:37  Probe (Chrono Boost)  
  35  3:38  Probe (Chrono Boost)  
  37  3:45  Robotics Facility  
  37  3:47  Assimilator  
  37  3:50  Assimilator, Probe (Chrono Boost)  
  38  3:57  Probe (Chrono Boost)  
  38  3:58  Probe (Chrono Boost)  
  38  4:02  Probe (Chrono Boost)  
  40  4:06  Probe  
  42  4:14  Probe  
  43  4:18  Probe  
  44  4:29  Stalker x3  
  50  4:36  Immortal (Chrono Boost)  
  49  4:38  Pylon  
  49  4:42  Pylon  
  53  4:57  Stalker x3  
  59  5:03  Pylon  
  59  5:08  Observer (Chrono Boost)  
  60  5:17  Probe x2  
  62  5:21  Pylon  
  62  5:27  Immortal (Chrono Boost)  
  66  5:29  Probe x2  
  66  5:30  Stalker x2  
  72  5:45  Blink (Chrono Boost)  
  72  5:52  Gateway x2  
  72  5:57  Gateway  
  72  5:59  Observer  
  73  6:05  Nexus  
  73  6:08  Probe x2  
  73  6:20  Stalker x2  
  73  6:21  Immortal (Chrono Boost)  
  81  6:40  Stalker  
  81  6:41  Probe x2  
  85  6:53  Probe  
  86  6:56  Pylon  
  86  7:00  Pylon  
  86  7:02  Pylon  
  86  7:14  Probe x2  
  88  7:26  Probe  
  77  7:34  Probe x2  
  77  7:36  Charge (Chrono Boost)  
  79  7:37  Immortal  
  79  7:38  Zealot x2, Probe  
  79  7:39  Zealot x2  
  79  7:40  Zealot x2  
  96  7:46  Probe  
  96  7:50  Templar Archives  
  97  7:52  Forge x2  
  97  7:57  Assimilator  
  97  8:00  Assimilator  
  97  8:03  Pylon  
  97  8:06  Pylon  
  97  8:15  Zealot x2  
  97  8:16  Zealot x4  
  97  8:17  Observer  
  110  8:29  Protoss Ground Weapons Level 1 (Chrono Boost)  
  110  8:30  Protoss Ground Armor Level 1 (Chrono Boost)  
  110  8:34  Probe  
  110  8:35  Probe x2  
  113  8:47  Probe  
  114  8:59  High Templar x2  
  114  9:00  High Templar x4  
  126  9:03  Immortal  
  122  9:17  Pylon  
  122  9:22  Pylon  
  122  9:32  Adept x2  
  122  9:33  Adept  
  122  9:34  Adept  
  118  9:50  Archon x2  
  118  9:55  Archon, Adept x3  
  118  9:56  Adept  
  71  10:18  Zealot x4  
  63  10:31  Gateway  
  63  10:33  Gateway  
  63  10:34  Gateway  
Show
View Real Time Build Order
Export as new Build Order

Epicity Terran - Winner!

Build Orders: MMM Bio 

Get SALT Encoding   

  12  0:01  SCV  
  13  0:13  SCV  
  14  0:17  Supply Depot  
  14  0:25  SCV  
  15  0:30  Refinery  
  15  0:39  SCV  
  16  0:47  Barracks  
  16  0:53  SCV  
  17  1:05  SCV  
  18  1:17  SCV  
  19  1:29  SCV  
  20  1:35  Reaper  
  21  1:41  SCV  
  21  1:46  Command Center  
  22  1:56  Factory  
  22  2:14  Barracks Reactor  
  22  2:16  Supply Depot  
  22  2:17  Orbital Command  
  22  2:31  Refinery  
  22  2:44  Factory Tech Lab  
  22  2:46  Barracks  
  22  2:47  SCV  
  23  2:59  Marine x2  
  23  3:00  SCV  
  26  3:11  Starport  
  26  3:16  Cyclone  
  29  3:24  Orbital Command  
  29  3:27  SCV  
  30  3:35  Barracks Tech Lab  
  30  3:39  SCV  
  31  3:45  Marine x2  
  33  3:48  Starport Reactor  
  33  3:51  SCV  
  34  3:56  SCV  
  34  4:01  Siege Tank  
  38  4:03  SCV  
  38  4:08  SCV  
  39  4:12  Stimpack  
  39  4:16  Marine x2  
  41  4:17  Barracks  
  41  4:22  Supply Depot  
  41  4:24  SCV  
  42  4:25  SCV  
  43  4:36  SCV  
  43  4:37  SCV  
  45  4:40  Marine  
  45  4:44  Marauder, Marine, Siege Tank  
  52  4:48  SCV  
  52  4:49  Supply Depot  
  52  4:50  SCV  
  54  4:56  Refinery  
  54  5:10  Medivac, SCV x2  
  58  5:16  Barracks Tech Lab  
  58  5:22  Medivac, Marine x2  
  58  5:26  Supply Depot  
  62  5:33  Supply Depot  
  62  5:36  Engineering Bay  
  62  5:47  Marine x3  
  62  5:48  Command Center, SCV x2  
  67  5:50  Supply Depot  
  67  5:57  Supply Depot  
  67  6:02  Combat Shields  
  67  6:03  Marine  
  68  6:05  Marine x2  
  70  6:13  Supply Depot  
  67  6:18  Marine  
  67  6:20  Supply Depot  
  67  6:21  Marine  
  67  6:24  Marauder  
  71  6:36  Supply Depot  
  70  6:55  Marine x2  
  70  6:56  Marauder x2  
  70  6:57  Siege Tank  
  70  6:58  Medivac x2  
  70  7:00  SCV  
  70  7:01  SCV  
  85  7:07  Orbital Command  
  85  7:13  Marine x2, SCV x2  
  89  7:24  Liberator  
  86  7:36  Marine x2  
  85  7:37  Marauder x2  
  85  7:40  Siege Tank  
  95  7:47  SCV  
  95  7:48  Refinery, SCV x2  
  98  7:54  Supply Depot, Marine x2  
  98  7:55  Armory  
  98  7:56  Supply Depot  
  100  7:58  Marine x2  
  100  7:59  SCV  
  100  8:00  SCV x2  
  100  8:01  Engineering Bay, Terran Infantry Weapons Level 1  
  105  8:24  Marine x3  
  105  8:25  Marine  
  105  8:26  Siege Tank  
  112  8:35  Refinery  
  112  8:54  Concussive Shells  
  111  9:21  Marine x2  
  111  9:22  Marine x2  
  115  9:29  Siege Tank  
  115  9:30  Medivac x2  
  122  9:39  Marine x4  
  125  9:57  Marine x4  
  129  10:01  Siege Tank  
  106  10:15  Marine x4  
Tags
 
Composition
MMM Bio
League
Platinum
Matchup
PvT
Spawn Locations
Cross Positions
Add a new tag
Caveats
  • Supply blocks, unpowered buildings, or Contaminate may cause inaccurate times.
  • Supply counts are checked every 10 seconds.